 Dungeon Crawl Stone Soup version 0.29-a0-243-g602b31c20e (webtiles) character file.

Game seed: 10758422787345423489

5 Ajdolov the Insei (level 1, 0/13 HPs)
             Began as an Octopode Transmuter on Mar 4, 2022.
             Slain by a dart slug (3 damage)
             ... on level 1 of the Dungeon.
             The game lasted 00:00:16 (190 turns).

Ajdolov the Insei (Octopode Transmuter)              Turns: 190, Time: 00:00:16

Health: 0/13       AC:  1    Str:  9    XL:     1   Next: 80%
Magic:  3/3        EV: 13    Int: 15    God:
Gold:   0          SH:  0    Dex: 12    Spells: 3/4 levels left

rFire   . . .      SeeInvis .     - Unarmed
rCold   . . .      Faith    .   (no shield)
rNeg    . . .      Spirit   .   (helmet restricted)
rPois   .          Reflect  .   (no amulet)
rElec   .          Harm     .   (no ring)
rCorr   .          Rampage  .   (no ring)
Will    .....                   (no ring)
Stlth   ++........              (no ring)
HPRegen 0.04/turn               (no ring)
MPRegen 0.08/turn               (no ring)
                                (no ring)
                                (no ring)

@: no status effects
A: almost no armour, amphibious, 8 rings, camouflage 1, gelatinous body 1,
(nimble swimmer 1), tentacles
a: no special abilities


You were on level 1 of the Dungeon.
You visited 1 branch of the dungeon, and saw 1 of its levels.

Inventory:

Potions
 a - 2 potions of mutation {unknown}


   Skills:
 + Level 1.2 Fighting
 - Level 2.0 Dodging
 * Level 3.2 Unarmed Combat
 - Level 2.0 Spellcasting
 - Level 2.0 Transmutations


You had 3 spell levels left.
You knew the following spells:

 Your Spells              Type           Power      Damage    Failure   Level
a - Beastly Appendage     Tmut           14%        N/A       10%         1

Your spell library contained the following spells:

 Spells                   Type           Power      Damage    Failure   Level
 Wereblood                Tmut           7%         N/A       14%         2
 Spider Form              Tmut/Pois      4%         N/A       41%         3
 Ice Form                 Ice/Tmut       4%         N/A       82%         4


Dungeon Overview and Level Annotations

Branches:
Dungeon (1/15)

Altars:

Annotations:
D:1 2 transporters


Innate Abilities, Weirdness & Mutations

You cannot wear most types of armour.
You are amphibious.
You can wear up to eight rings at the same time.
Your skin changes colour to match your surroundings (Stealth+).
Your rubbery body absorbs attacks. (AC +1, EV +1)
((You are camouflaged when in or above water. (Stealth+)))
You have tentacles for arms and can constrict up to eight enemies at once.


Message History

You kill the endoplasm!
Found a stone staircase leading down.
A hobgoblin comes into view.
A hobgoblin is nearby!
The hobgoblin shouts!
There is a stone staircase leading down here.
The hobgoblin barely misses you.
You barely miss the hobgoblin. You grab the hobgoblin.
You squeeze the hobgoblin.
You kill the hobgoblin!
No target in view!
There is a stone staircase leading down here.
a - 2 fizzy yellow potions A dart slug comes into view.
A dart slug is nearby!
An endoplasm comes into view.
The dart slug launches a dart at you. The slug dart misses you.
The endoplasm quivers.
The endoplasm closely misses you. The dart slug bites you.
You tentacle-slap the endoplasm.
The endoplasm is heavily wounded.
The endoplasm freezes you.
You are frozen.
You are too injured to fight recklessly!
The dart slug launches a dart at you. The slug dart misses you.
You barely miss the endoplasm. You squeeze the endoplasm.
You kill the endoplasm!
The dart slug launches a dart at you. The slug dart misses you.
The dart slug launches a dart at you. The slug dart hits you.
* * * LOW HITPOINT WARNING * * *
You completely miss the dart slug. You grab the dart slug.
You tentacle-slap the dart slug.
The dart slug is heavily wounded.
You constrict the dart slug, but do no damage.
The dart slug bites you.
You die...

#..#.# #.#. #.##..#.#
#.#. # ##.##..#.#
#.#.###.
##.##..#.#####.#....
#...........##.#..#
#..##..#.##.##.#..# .
#.......†.........# ...
#..##..#.##.##.##.#.....
#......#.##.##..@w.......
........................#
.........................
#.###..#.##.##.)#.####..#
#.# #..#.##.##..#.# .#
#.###..#.##.##..#.# #
...............##.#
.......#.#..#... ..
######.#........


You could see a dart slug.

Vanquished Creatures
  A ball python (D:1)
  2 endoplasms (D:1)
  A hobgoblin (D:1)
4 creatures vanquished.

Notes
Turn   | Place    | Note
-------+----------+-------------------------------------------
     0 | D:1      | Ajdolov the Octopode Transmuter began the quest for the
                  | Orb.
     0 | D:1      | Reached XP level 1. HP: 13/13 MP: 3/3
   190 | D:1      | Slain by a dart slug

Illustrated notes

Levels and vault maps discovered:
D:1:      spicycebolla_arrival_teleporter_tutorial, layout_basic,
          shapermc_ecumenical_altar_rom_forum

Action                   || total
-------------------------++-------
Melee: Unarmed           ||    11
       Constrict         ||     2
       Tentacles         ||     2
       Punch             ||     1
 Stab: Sleeping          ||     2
Armor: Skin              ||     1
Dodge: Dodged            ||     6

Table legend: (Time is in decaauts)
 A = Elapsed time spent in this place.
 B = Non-inter-level travel time spent in this place.
 C = Inter-level travel time spent in this place.
 D = Time resting spent in this place.
 E = Time spent auto-exploring this place.
 F = Levels seen in this place.
 G = Mean time per level.
                   A        B        C        D        E       F      G
               +--------+--------+--------+--------+--------+-----+--------+
         Total |    189 |    189 |      0 |      0 |    152 |   1 |  189.0 |
       Dungeon |    189 |    189 |      0 |      0 |    152 |   1 |  189.0 |
               +--------+--------+--------+--------+--------+-----+--------+

Top non-repeatable levels by time:
     D:1: 189 daAuts
